 Dungeon Crawl Stone Soup version 0.14-a0-155-gd989017 (webtiles) character file.

711 PolkaDot the Ruffian (level 7, -4/66 HPs)
             Began as a Troll Death Knight on Oct 5, 2013.
             Was a Priest of Yredelemnul.
             Killed by nerve-wracking pain
             ... invoked by an orc priest
              (8 damage)
             ... on Level 5 of the Dungeon.
             The game lasted 00:12:12 (2529 turns).

PolkaDot the Ruffian (Troll Death Knight)           Turns: 2529, Time: 00:12:14

HP  -4/66        AC  7     Str 22      XL: 7   Next: 10%
MP   8/8         EV  9     Int  7      God: Yredelemnul [***...]
Gold 147         SH  0     Dex 11      Spells:  0 memorised,  6 levels left

Res.Fire  : . . .   See Invis. : +     - Unarmed
Res.Cold  : . . .   Warding    : .   b - +2 robe
Life Prot.: . . .   Conserve   : .   (shield restricted)
Res.Poison: +       Res.Corr.  : .   (helmet restricted)
Res.Elec. : .       Clarity    : .   (no cloak)
Sust.Abil.: . .     Spirit.Shd : .   (gloves unavailable)
Res.Mut.  : .       Stasis     : .   (boots unavailable)
Res.Rott. : .       Flight     : .   (no amulet)
Gourmand  : +                        y - ring of poison resistance
                                     (no ring)

@: slightly resistant to hostile enchantments, unstealthy
A: unfitting armour, claws 3, see invisible, fast metabolism 3, gourmand,
regeneration 2, saprovore 2, tough skin 2, AC +1
a: Animate Dead, Recall Undead Slaves, Injury Mirror, Renounce Religion


You were on level 5 of the Dungeon.
You worshipped Yredelemnul.
Yredelemnul was most pleased with you.
You were completely stuffed.

You visited 1 branch of the dungeon, and saw 5 of its levels.

You collected 127 gold pieces.

Inventory:

Armour
 b - a +2 robe (worn)
Magical devices
 l - a wand of teleportation (5)
 p - a wand of magic darts (12)
Comestibles
 a - 6 meat rations
 f - an apple
 g - a choko
 n - a pear
 r - 3 chunks of orc flesh
Scrolls
 c - 2 scrolls of recharging {unknown}
 h - 5 scrolls of remove curse
 o - a scroll of amnesia {unknown}
 q - a scroll of fear {unknown}
 s - a scroll of curse armour {unknown}
 u - a scroll of blinking {unknown}
 v - a scroll of curse weapon {unknown}
 w - a scroll of fog
 x - a scroll of magic mapping
 B - a scroll of enchant weapon II
Jewellery
 y - a ring of poison resistance (right claw)
Potions
 i - a potion of poison
 j - 2 potions of might
 k - 2 potions of degeneration
 m - a potion of magic
 t - a potion of restore abilities


   Skills:
 + Level 3.4 Fighting
 - Level 1.2 Dodging
 + Level 5.9 Unarmed Combat
 * Level 3.9 Invocations


You had 6 spell levels left.
You didn't know any spells.

Dungeon Overview and Level Annotations

Branches:
Dungeon (5/27)
 Temple: D:4-7

Altars:
Elyvilon
Vehumet
Zin
the Shining One


Innate Abilities, Weirdness & Mutations

You are too large for most types of armour.
You have claws for hands.
Your metabolism is lightning-fast.
You like to eat raw meat.
You heal very quickly.
You can eat rotten meat.
You are covered in fur (AC +1).
You have very tough skin (AC +2).
You have supernaturally acute eyesight.


Message History

The worker ant barely misses you.
You completely miss the orc priest.
The orc priest's eyes start to glow.
The worker ant bites you.
* * * LOW HITPOINT WARNING * * *
You hit the orc priest but do no damage.
Your punch misses the orc priest.
The orc priest mumbles some strange prayers to Beogh against you.
Pain shoots through your body!
* * * LOW HITPOINT WARNING * * *
The worker ant barely misses you.
Read which item? (? for menu, Esc to quit)
Okay, then.
You claw the orc priest!
The orc priest begins to bleed from its wounds!
The orc priest is almost dead.
The orc priest mumbles some strange prayers to Beogh against you.
Pain shoots through your body!
You die...
Your body rises from the dead as a mindless zombie.

#............
#............# #
#..............
#.#..............#
#.#.#................
#>...................
#...l..........#
#o.#a#.........#
#....Ka#@#.##...#..#
#......#o#.##...# .#
............##...#.. #
#.....########...#.##.#
................#....#
............#.......#
... ............#..#
.......##.###..#
............+..#


You could see an iguana, a worker ant and an orc priest (bleeding).

Vanquished Creatures
  Edmund (D:4)
  A crimson imp (D:5)
  An iguana (D:3)
  3 hounds
  A worker ant (D:4)
  3 orc wizards
  6 adders
  4 gnolls (D:2)
  3 giant mites
  2 worms
  2 oozes
  6 orcs
  8 bats
  6 giant cockroaches
  7 goblins
  11 hobgoblins
  5 kobolds
  3 giant geckos
  3 giant newts
  6 rats
82 creatures vanquished.

Vanquished Creatures (collateral kills)
  An orc (D:3)
1 creature vanquished.

Grand Total: 83 creatures vanquished

Notes
Turn   | Place    | Note
--------------------------------------------------------------
     0 | D:1      | PolkaDot, the Troll Death Knight, began the quest for the Orb.
     0 | D:1      | Reached XP level 1. HP: 20/20 MP: 2/2
   117 | D:1      | Found a glowing golden altar of the Shining One.
   174 | D:1      | Reached XP level 2. HP: 28/28 MP: 2/2
   482 | D:1      | Reached skill level 3 in Unarmed Combat
   601 | D:2      | Reached XP level 3. HP: 35/35 MP: 4/4
   782 | D:2      | Found a white marble altar of Elyvilon.
   869 | D:2      | Gained mutation: You have supernaturally acute eyesight. [potion of beneficial mutation]
   891 | D:2      | Reached XP level 4. HP: 33/44 MP: 4/4
   896 | D:2      | Acquired Yredelemnul's second power
   896 | D:2      | Reached skill level 4 in Unarmed Combat
  1303 | D:3      | Reached XP level 5. HP: 27/50 MP: 5/5
  1394 | D:3      | Found a glowing silver altar of Zin.
  1460 | D:3      | Reached skill level 5 in Unarmed Combat
  1867 | D:4      | Noticed Edmund
  1885 | D:4      | Killed Edmund
  1885 | D:4      | Reached XP level 6. HP: 29/59 MP: 7/7
  1918 | D:4      | Found a radiant altar of Vehumet.
  2047 | D:4      | Acquired Yredelemnul's third power
  2428 | D:5      | Entered Level 5 of the Dungeon
  2515 | D:5      | Reached XP level 7. HP: 55/66 MP: 8/8
  2529 | D:5      | Killed from afar by an orc priest

Action                   |  1- 3 |  4- 6 |  7- 9 || total
-------------------------+-------+-------+-------++-------
Melee: Unarmed           |    69 |   183 |    10 ||   262
Invok: Animate Remains   |     1 |     8 |       ||     9
Evoke: Wand              |     1 |       |       ||     1
  Use: Scroll            |     6 |     6 |       ||    12
       Potion            |     2 |       |     1 ||     3
